 Dungeon Crawl Stone Soup version 0.16-a0-465-g631e55c (webtiles) character file.

197828 PolkaDot the Fetichist (level 18, -19/187 HPs)
             Began as a Vampire Chaos Knight on Sept 15, 2014.
             Was a Plaything of Xom.
             Killed from afar by a spriggan druid (22 damage)
             ... with a stone arrow
             ... on Level 5 of the Swamp on Sept 16, 2014.
             The game lasted 02:55:55 (28080 turns).

PolkaDot the Fetichist (Vampire Chaos Knight)      Turns: 28080, Time: 02:55:55

HP -19/187       AC 25     Str 11      XL: 18   Next: 19%
MP  34/34        EV 26     Int 18      God: Xom
Gold 5342        SH  0     Dex 22      Spells:  2 memorised, 14 levels left

rFire  + . .     SeeInvis +     a - +6 lajatang (chaos) {god gift}
rCold  + + +     Clarity  +     G - +0 troll leather armour
rNeg   . . .     rCorr    +     (no shield)
rPois  +         rRot     .     w - +2 hat of Daffodils {Slay+4}
rElec  .         Spirit   .     t - +2 cloak {+Inv}
SustAb .         Warding  .     p - +2 pair of gloves
rMut   .         Stasis   .     u - +0 pair of boots {+Jump}
Gourm  .                        o - amulet of resist corrosion
MR     ++...                    W - ring of flight
                                O - +3 ring of protection

@: lethally poisoned, about to teleport, very slightly contaminated,
regenerating very quickly, invisible, very resistant to hostile enchantments,
fairly stealthy
A: bottle blood, fangs 3, horns 1, rough black scales 1, thin metallic scales 1,
yellow scales 1, see invisible, agile 2, clarity, clever 2, cold resistance 3,
fire resistance 1, magic resistance 1, sense surroundings 1, poison resistance,
robust 3, unbreathing
a: Bottle Blood, Renounce Religion, Evoke Flight, Evoke Jump Attack


You were on level 5 of the Swamp.
You worshipped Xom.
You were a favourite toy of Xom.
You were almost alive.

You visited 3 branches of the dungeon, and saw 28 of its levels.
You also visited: Sewer and Ice Cave.

You collected 5342 gold pieces.

Inventory:

Hand weapons
 a - a +6 lajatang of chaos (weapon) {god gift}
Missiles
 i - 2 throwing nets (quivered)
Armour
 p - a +2 pair of gloves (worn)
 t - a +2 cloak of darkness (worn)
 u - a +0 pair of boots of jumping (worn)
 w - the +2 hat of Daffodils (worn) {Slay+4}
   (You acquired it on level 11 of the Dungeon)

   It affects your accuracy and damage with ranged weapons and melee attacks
   (+4).
 G - a +0 troll leather armour (worn)
Magical devices
 j - a wand of paralysis (2)
 B - a wand of disintegration (12)
 L - a wand of fireball (4)
 M - a wand of cold (0)
 V - a wand of invisibility (2)
Scrolls
 c - 3 scrolls of fog
 l - 10 scrolls of teleportation
 q - a scroll of torment
 y - a scroll of enchant weapon
 A - a scroll of acquirement
 C - 7 scrolls of vulnerability
 D - 4 scrolls of amnesia
 E - 2 scrolls of identify
 F - a scroll of silence {unknown}
 H - 7 scrolls of immolation
 J - a scroll of noise {unknown}
 K - 8 scrolls of remove curse
 N - 3 scrolls of magic mapping
 Q - 3 scrolls of recharging
 Z - a scroll of summoning {unknown}
Jewellery
 o - an amulet of resist corrosion (around neck)
 x - an uncursed ring of teleportation
 O - a +3 ring of protection (left hand)
 W - a ring of flight (right hand)
Potions
 f - 4 potions of resistance
 g - 2 potions of magic
 h - 2 potions of cancellation
 k - a potion of might
 m - 11 potions of curing
 n - a potion of cure mutation {!q}
 r - 2 potions of brilliance
 s - 7 potions of haste
 v - a potion of blood {@*1}
 z - 3 potions of flight
 P - a potion of restore abilities {unknown}
 Y - a potion of lignification
Books
 e - a book of Fire

   Spells                             Type                      Level
   Ignite Poison                      Fire/Transmutation           5
   Fireball                           Conjuration/Fire             5
   Bolt of Fire                       Conjuration/Fire             6
   Delayed Fireball                   Conjuration/Fire             7
   Ring of Flames                     Charms/Fire                  7
 S - a book of Necromancy

   Spells                             Type                      Level
   Pain                               Necromancy                   1
   Animate Skeleton                   Necromancy                   1
   Vampiric Draining                  Necromancy                   3
   Regeneration                       Charms/Necromancy            3
   Animate Dead                       Necromancy                   4
   Control Undead                     Necromancy                   4
Miscellaneous
 I - a lamp of fire
 X - a stone of tremors (inert)
Rods
 b - a +4 rod of destruction (13/13)
   (You found it on level 14 of the Dungeon)


   Skills:
 + Level 13.4 Fighting
   Level 5.5 Short Blades
 - Level 14.2 Staves
 - Level 4.0 Armour
 + Level 14.7 Dodging
 - Level 8.9 Stealth
 * Level 15.2 Evocations


You had 14 spell levels left.
You knew the following spells:

 Your Spells              Type           Power        Failure   Level  Hunger
q - Blink                 Tloc           N/A          34%         2    ###....
A - Apportation           Tloc           #.........   21%         1    ##.....


Dungeon Overview and Level Annotations

Branches:
Dungeon (15/15)            Temple (0/1) D:7             Orc (0/4) D:11
   Lair (8/8) D:8           Swamp (5/5) Lair:5       Spider (0/5) Lair:4
  Slime (0/6) Lair:7       Vaults (0/5) D:14         Depths (0/5) D:15

Altars:
Ashenzari
Dithmenos
Gozag
Kikubaaqudgha
Makhleb
Sif Muna
The Shining One
Jiyva

Shops:
D:5 =   D:11 *   D:14 [

Portals:
Trove: D:13 (show abyssal rune of Zot)

Annotations:
Abyss:1 Pikel


Innate Abilities, Weirdness & Mutations

Your natural rate of healing is extremely fast.
You can bottle blood from corpses.
You have razor-sharp teeth.
You have supernaturally acute eyesight.
You can survive without breathing.
You have a pair of small horns on your head.
You are partially covered in rough black scales (AC +4, Dex -1).
You are partially covered in thin metallic scales (AC +2).
You are partially covered in yellow scales (AC +2).
You are very agile. (Dex +4)
You possess an exceptional clarity of mind.
Your mind is very acute. (Int +4)
Your flesh is almost immune to the effects of cold.
Your flesh is heat resistant.
You are resistant to hostile enchantments.
You passively map a small area around you.
Your system is resistant to poisons.
You are extremely robust (+30% HP).


Message History

Unknown command.
Evoke which item? (* to show all) (? for menu, Esc to quit)
Okay, then.
Unknown command.
You enter the shallow water.
Moving in this stuff is going to be slow. ...and don't expect to remain undetected.
You feel sick. "See what I see, my child!"
You detect creatures!
The trees move their gnarly branches around.
A tree reaches out and hits you!
* * * LOW HITPOINT WARNING * * *
The swamp drake breathes noxious fumes at the swamp dragon.
The noxious blast hits the five-headed hydra.
The noxious blast hits the swamp dragon.
The spriggan druid casts a spell at you.
The stone arrow hits you!
You die...
Xom bursts into laughter!

*
#♣.≈≈≈..≈...≈≈≈≈%%≈≈≈≈≈≈≈≈≈≈.
*#♣≈≈..♣≈....≈≈≈%≈..≈≈≈≈≈≈≈≈.
#♣≈≈..♣....≈...≈♣≈..≈...≈≈♣ ,
, #.≈...≈≈≈≈.≈≈.♣♣♣≈≈≈≈≈♣♣≈♣
,,, f #♣≈.≈(.≈≈≈.≈≈♣♣
♣≈≈≈≈.♣♣.♣ , *#♣.....≈≈...♣♣
♣♣.≈≈.♣.≈. ,D ,
#≈≈.♣♣♣≈§♣..♣♣ ♣≈..≈..≈≈ D
#♣♣≈♣♣♣♣♣♣i♣..≈♣ ♣♣♣≈≈♣♣.≈ ,,
#≈.≈♣≈♣≈DDD@§.♣ ♣♣..≈♣≈≈≈ ,
##♣.≈≈%..Dk§D♣.♣♣ ♣.♣♣≈≈≈≈≈ ,
#≈.).≈≈?..k≈§♣♣♣ ♣♣♣♣♣♣≈≈.
.≈..%♣%.≈≈≈≈..§≈♣ ♣♣♣♣
♣≈≈...........≈.♣
♣♣.♣.≈?.♣..≈...♣♣
♣.≈.♣.........♣♣
♣≈.≈≈...♣.≈.♣♣♣ ♣♣...≈...♣..


You could see 2 five-headed hydras, a four-headed hydra (wandering), 2 swamp
dragons, a spriggan druid and 2 swamp drakes.

Vanquished Creatures
  Roxanne (Swamp:3)
  Maud (D:13)
  2 orc warlords (D:13)
  A pale draconian (shapeshifter) (Lair:6)
  5 vault guards (D:14)
  4 ice dragons
  Harold (D:12)
  20 hydras
  A shambling mangrove (Swamp:4)
  2 centaur warriors (D:15)
  8 alligators
  2 ogre magi
  A satyr (IceCv)
  8 death yaks
  A vampire mage (D:15)
  A shock serpent (D:13)
  Urug (D:13)
  The ghost of oplop the Ducker, an experienced MiAs of Makhleb (D:8)
  Nergalle (Lair:5)
  A deep elf knight (D:13)
  A fire crab (Lair:8)
  2 unseen horrors
  2 skeletal warriors (D:15)
  8 swamp dragons
  2 ice statues (IceCv)
  7 hill giants
  An orc sorcerer (D:14)
  2 orc knights (D:13)
  3 red wasps
  2 cyclopes
  4 oklob plants (Lair:7)
  5 griffons
  A necromancer (D:15)
  An octopode (shapeshifter) (D:13)
  8 elephants
  A manticore (D:13)
  9 ugly things
  A smoke demon (Lair:3)
  A dire elephant zombie (D:15)
  9 black mambas
  Joseph (D:9)
  3 gargoyles
  18 spiny frogs
  Psyche (D:8)
  2 centaur skeletons
  A yaktaur (shapeshifter) (D:9)
  The ghost of nht the Martial Artist, an experienced MfTm (D:5)
  4 spriggan druids
  5 trolls
  11 polar bears
  2 fire drakes
  9 komodo dragons
  6 slime creatures (Swamp:3)
  3 blink frogs
  3 ravens (Swamp:3)
  2 hydra skeletons
  3 bog bodies
  10 giant leeches
  5 basilisks
  2 two-headed ogres
  6 baby alligators
  A boulder beetle (Lair:8)
  The ghost of nht the Insei, an average OpTm (D:3)
  5 redbacks (Lair:8)
  21 spriggans
  9 hippogriffs
  4 shadows
  2 trapdoor spiders
  3 wyverns
  53 yaks
  A wraith (D:14)
  A hungry ghost (D:9)
  18 vampire mosquitoes
  Eustachio (D:4)
  A hill giant zombie (D:8)
  A deep elf mage (D:12)
  A deep elf fighter (D:14)
  28 wolves
  Menkaure (D:7)
  A tengu zombie (D:10)
  3 hydra simulacra (Swamp:4)
  35 swamp worms
  19 water moccasins
  21 ice beasts
  2 necrophages
  16 swamp drakes
  5 orc warriors
  9 porcupines
  8 centaurs
  6 black bears
  12 yellow wasps
  9 ogres
  A slave (D:9)
  6 sky beasts
  18 crocodiles
  3 boring beetles
  Sigmund (D:7)
  Duvessa (D:9)
  7 big kobolds
  24 giant frogs
  3 yaktaur skeletons
  A giant frog (shapeshifter) (D:5)
  2 scorpions
  A cyclops skeleton (D:13)
  31 insubstantial wisps
  2 troll zombies (D:9)
  An eye of draining (D:8)
  2 shapeshifter zombies (D:15)
  A hippogriff zombie (D:12)
  8 wights
  A yak zombie (D:11)
  17 killer bees
  5 electric eels
  A hippogriff skeleton (D:12)
  6 goliath beetles
  2 jellies
  Dowan (D:9)
  2 crimson imps
  A giant frog zombie (D:7)
  2 lava snakes (D:7)
  An elf zombie (D:14)
  A giant frog skeleton (D:9)
  A quasit (D:5)
  16 hounds
  9 orc wizards
  Crazy Yiuf (D:4)
  7 orc priests
  9 iguanas
  8 worker ants
  A killer bee zombie (D:7)
  An ogre zombie (D:9)
  21 sheep
  Ijyb (D:7)
  Jessica (D:2)
  A mummy (D:6)
  24 adders
  11 gnolls
  56 green rats
  3 giant mites
  A shadow imp (D:13)
  3 orc skeletons
  8 white imps (Lair:4)
  5 worms
  An orc zombie (D:8)
  An adder skeleton (D:4)
  10 giant geckos
  An ooze (shapeshifter) (Lair:8)
  48 orcs
  8 ball pythons
  16 bats
  6 giant cockroaches
  11 goblins
  15 hobgoblins
  14 jackals
  A giant gecko skeleton (D:6)
  11 giant newts
  3 hobgoblin skeletons
  36 kobolds
  9 quokkas
  18 rats
1079 creatures vanquished.

Vanquished Creatures (collateral kills)
  A hydra (Swamp:5)
  An alligator (Swamp:2)
  2 elephants (Lair:5)
  A komodo dragon (Lair:1)
  2 blink frogs
  A swamp worm (Swamp:1)
  A black bear (Lair:8)
  A cyclops skeleton (D:13)
  A troll skeleton (D:13)
  A killer bee (D:13)
  2 green rats (Lair:8)
  4 white imps (Lair:4)
18 creatures vanquished.

Vanquished Creatures (others)
  A hydra (Swamp:5)
  A dancing weapon (Swamp:5)
  A redback zombie (Lair:8)
  A bog body (Swamp:3)
  A blink frog (Lair:6)
  3 vampire mosquitoes (D:13)
  A wolf (Lair:3)
  A swamp drake (Swamp:5)
  A crocodile (Lair:8)
  A giant frog (Lair:6)
  A crimson imp (Lair:1)
  A quasit (Lair:7)
  8 green rats
  3 shadow imps
  A white imp (Lair:8)
  An orc (D:5)
  3 giant spores
  4 fungi
  10 plants
44 creatures vanquished.

Grand Total: 1141 creatures vanquished

Notes
Turn   | Place    | Note
--------------------------------------------------------------
     0 | D:1      | PolkaDot, the Vampire Chaos Knight, began the quest for the Orb.
     0 | D:1      | Reached XP level 1. HP: 17/17 MP: 1/1
   442 | D:1      | Reached skill level 4 in Short Blades
   442 | D:1      | Reached XP level 2. HP: 23/23 MP: 2/2
   556 | D:1      | XOM: silly message
   710 | D:1      | XOM: divination: detect creatures
   716 | D:1      | XOM: colour smoke trail
   869 | D:2      | Reached XP level 3. HP: 19/28 MP: 3/3
  1009 | D:2      | XOM: confuse monster(s)
  1011 | D:2      | Reached skill level 5 in Short Blades
  1064 | D:2      | Found a burning altar of Makhleb.
  1258 | D:2      | Noticed Jessica
  1269 | D:2      | XOM: summons 3 friendly demons
  1270 | D:2      | Killed Jessica
  1270 | D:2      | Reached XP level 4. HP: 3/34 MP: 4/4
  1683 | D:3      | XOM: potion effect (heal wounds)
  1691 | D:3      | Reached skill level 1 in Armour
  1753 | D:3      | Noticed nht's ghost (average OpTm)
  1754 | D:3      | XOM: mild Divn miscast
  1772 | D:3      | Killed nht's ghost
  1772 | D:3      | Reached XP level 5. HP: 15/41 MP: 5/5
  1772 | D:3      | Reached XP level 6. HP: 17/47 MP: 6/6
  1799 | D:3      | Found a shattered altar of Ashenzari.
  2005 | D:3      | XOM: give mutations
  2005 | D:3      | Gained mutation: You have a pair of small horns on your head. [Xom's grace]
  2039 | D:3      | XOM: mild Erth miscast
  2272 | D:3      | XOM: give mutations
  2272 | D:3      | Gained mutation: Your flesh is heat resistant. [Xom's grace]
  2272 | D:3      | Gained mutation: Your mind is acute. (Int +2) [Xom's grace]
  2286 | D:3      | XOM: give mutations
  2286 | D:3      | Gained mutation: Your system is resistant to poisons. [Xom's grace]
  2286 | D:3      | Gained mutation: You possess an exceptional clarity of mind. [Xom's grace]
  2633 | D:4      | Reached skill level 5 in Dodging
  2651 | D:4      | Noticed Eustachio
  2660 | D:4      | XOM: god gift: 45 gold pieces
  2666 | D:4      | Killed Eustachio
  2666 | D:4      | Reached XP level 7. HP: 46/54 MP: 7/7
  2670 | D:4      | Noticed Crazy Yiuf
  2679 | D:4      | Killed Crazy Yiuf
  2760 | D:4      | Found a glowing golden altar of the Shining One.
  2812 | D:4      | Reached skill level 1 in Staves
  3248 | D:4      | XOM: give mutations
  3248 | D:4      | Gained mutation: You are partially covered in thin metallic scales (AC +2). [Xom's grace]
  3248 | D:4      | Gained mutation: You are partially covered in yellow scales (AC +2). [Xom's grace]
  3248 | D:4      | Gained mutation: Your flesh is cold resistant. [Xom's grace]
  3346 | D:5      | Entered Level 5 of the Dungeon
  3402 | D:5      | XOM: harmless Chrm miscast
  3407 | D:5      | Found a glowing drain.
  3414 | Sewer    | Entered a sewer
  4004 | D:5      | XOM: harmless Erth miscast
  4062 | D:5      | Reached skill level 1 in Evocations
  4102 | D:5      | Reached XP level 8. HP: 44/60 MP: 9/9
  4102 | D:5      | XOM: cast spell 'Olgreb's Toxic Radiance'
  4106 | D:5      | Noticed nht's ghost (experienced MfTm)
  4130 | D:5      | XOM: divination: detect creatures
  4148 | D:5      | XOM: noise
  4176 | D:5      | XOM: potion effect (invisibility)
  4190 | D:5      | Killed nht's ghost
  4190 | D:5      | Reached skill level 5 in Staves
  4197 | D:5      | Reached skill level 6 in Staves
  4300 | D:5      | Found Bynway's Jewellery Emporium.
  4350 | D:5      | XOM: summons 3 hostile shadow creatures
  4605 | D:5      | XOM: mild Ice miscast
  4941 | D:6      | XOM: potion effect (might)
  5016 | D:6      | Reached XP level 9. HP: 65/65 MP: 10/10
  5295 | D:6      | XOM: harmless Hex miscast
  5343 | D:6      | XOM: divination: detect creatures
  5348 | D:6      | Reached skill level 7 in Staves
  5416 | D:6      | XOM: colour smoke trail
  5486 | D:6      | XOM: enchant monster (good)
  5523 | D:6      | Found an opulent altar of Gozag.
  5990 | D:7      | Noticed Menkaure
  6001 | D:7      | Killed Menkaure
  6001 | D:7      | Reached skill level 8 in Staves
  6114 | D:7      | Noticed Ijyb
  6125 | D:7      | Killed Ijyb
  6218 | D:7      | XOM: silly message
  6353 | D:7      | Noticed Sigmund
  6354 | D:7      | XOM: cast spell 'Confusing Touch'
  6363 | D:7      | Killed Sigmund
  6363 | D:7      | Reached skill level 9 in Staves
  6463 | D:7      | Reached XP level 10. HP: 58/72 MP: 12/12
  6501 | D:7      | Found a staircase to the Ecumenical Temple.
  6550 | D:7      | XOM: divination: magic mapping
  6672 | D:7      | Upgraded the game from 0.16-a0-421-gd787d97 to 0.16-a0-465-g631e55c
  7092 | D:7      | XOM: divination: detect creatures
  7112 | D:8      | Found a shadowy altar of Dithmenos.
  7195 | D:8      | XOM: enchant monster (good)
  7396 | D:8      | Noticed oplop's ghost (experienced MiAs)
  7420 | D:8      | Killed oplop's ghost
  7503 | D:8      | Noticed an elephant
  7525 | D:8      | XOM: harmless Hex miscast
  7526 | D:8      | XOM: divination: magic mapping
  7532 | D:8      | Killed an elephant
  7532 | D:8      | Reached skill level 10 in Staves
  7533 | D:8      | XOM: noise
  7534 | D:8      | XOM: silly message
  7535 | D:8      | XOM: mild Fire miscast
  7554 | D:8      | XOM: summons friendly quasit
  7664 | D:8      | Found a staircase to the Lair.
  7671 | D:8      | XOM: mild Ice miscast
  7823 | D:8      | Found a deep blue altar of Sif Muna.
  7957 | D:8      | Noticed Psyche
  7968 | D:8      | XOM: fake destruction
  7973 | D:8      | Killed Psyche
  8122 | Lair:1   | Entered Level 1 of the Lair of Beasts
  8153 | Lair:1   | XOM: swap monsters
  8155 | Lair:1   | XOM: swap monsters
  8320 | Lair:1   | XOM: swap monsters
  8325 | Lair:1   | XOM: summons 3 friendly demons
  8328 | Lair:1   | Noticed a black mamba
  8328 | Lair:1   | XOM: summons 10 friendly demons
  8339 | Lair:1   | Killed a black mamba
  8399 | Lair:1   | XOM: 10-stop teleportation journey
  8564 | Lair:1   | Reached XP level 11. HP: 65/77 MP: 13/13
  8924 | Lair:1   | XOM: give mutations
  8924 | Lair:1   | Gained mutation: You evolve. [Xom's grace]
  8924 | Lair:1   | Gained mutation: You are robust (+10% HP). [Xom's grace]
  9048 | Lair:2   | Reached skill level 11 in Staves
  9130 | Lair:2   | XOM: divination: detect items
  9236 | Lair:2   | Found an ancient bone altar of Kikubaaqudgha.
  9273 | Lair:2   | XOM: cast spell 'Olgreb's Toxic Radiance'
  9439 | Lair:2   | XOM: god gift: glowing lajatang {god gift}
  9502 | Lair:2   | XOM: god gift: scroll of teleportation
  9609 | Lair:2   | XOM: blink monster(s)
  9639 | Lair:2   | XOM: mild Fire miscast
  9727 | Lair:2   | Lost mutation: You possess an exceptional clarity of mind. [evolution]
  9814 | Lair:2   | XOM: silly message
  9911 | Lair:2   | Got a diamond-encrusted leather armour
  9912 | Lair:2   | Identified the +0 leather armour of the Heavens {rF+ rN+ MR+ Int+2 Slay-5} (You found it on level 2 of the Lair of Beasts)
 10147 | Lair:3   | XOM: silly message
 10152 | Lair:3   | XOM: summons 1 hostile demon
 10157 | Lair:3   | XOM: stat loss: -1 Str (10/11)
 10175 | Lair:3   | XOM: blink monster(s)
 10212 | Lair:3   | XOM: stat loss: -1 Str (14/16)
 10280 | Lair:3   | Reached skill level 10 in Dodging
 10598 | Lair:3   | XOM: summons 5 hostile demons
 10599 | Lair:3   | Noticed a soul eater
 10599 | Lair:3   | Noticed a sun demon
 10613 | Lair:3   | Reached skill level 12 in Staves
 10751 | Lair:3   | XOM: god gift: curved jewelled rod {god gift}
 10753 | Lair:3   | Identified a +4 rod of striking (10/10) {god gift} (Xom gifted it to you on level 3 of the Lair of Beasts)
 10755 | Lair:3   | XOM: god gift: glowing hand axe {god gift}
 10807 | Lair:3   | XOM: god gift: shortbow {god gift}
 11099 | Lair:3   | XOM: destruction
 11107 | Lair:3   | Reached skill level 5 in Fighting
 11184 | Lair:3   | XOM: god gift: 5 stones
 11315 | Lair:3   | Noticed a four-headed hydra
 11321 | Lair:3   | Killed a four-headed hydra
 11430 | Lair:4   | XOM: swap monsters
 11504 | Lair:4   | XOM: give mutations
 11504 | Lair:4   | Gained mutation: You passively map a small area around you. [Xom's grace]
 11504 | Lair:4   | Gained mutation: You are agile. (Dex +2) [Xom's grace]
 11504 | Lair:4   | Gained mutation: Your flesh is very cold resistant. [Xom's grace]
 11561 | Lair:4   | Gained mutation: You are resistant to hostile enchantments. [evolution]
 11619 | Lair:4   | Identified a scroll of acquirement
 11696 | Lair:4   | Reached XP level 12. HP: 85/94 MP: 14/14
 11743 | Lair:4   | Found a hole to the Spider Nest.
 11782 | Lair:4   | Found a frozen archway.
 11812 | IceCv    | Entered an ice cave
 11835 | IceCv    | XOM: enchant monster (good)
 11878 | IceCv    | Reached skill level 13 in Staves
 11932 | IceCv    | Noticed an ice dragon
 11935 | IceCv    | Noticed an ice dragon
 11943 | IceCv    | XOM: 7-stop teleportation journey
 12092 | IceCv    | XOM: cast spell 'Ring of Flames'
 12098 | IceCv    | XOM: enchant monster (good)
 12101 | IceCv    | an ice dragon changed into a satyr
 12101 | IceCv    | XOM: polymorph ice dragon -> satyr
 12102 | IceCv    | an ice dragon (ally) was killed
 12116 | IceCv    | Killed an ice dragon
 12131 | IceCv    | XOM: cast spell 'Ice Form'
 12192 | IceCv    | Got a smoking amber ring
 12192 | IceCv    | Gained mutation: You are partially covered in rough black scales (AC +4, Dex -1). [evolution]
 12204 | IceCv    | Identified the ring "Ifupn" {rC+ Str+3 Curse} (You found it in an ice cave)
 12445 | Lair:4   | XOM: mild Erth miscast
 12553 | Lair:4   | XOM: colour smoke trail
 12664 | Lair:5   | XOM: medium Divn miscast
 12680 | Lair:5   | Noticed a five-headed hydra
 12684 | Lair:5   | XOM: medium Conj miscast
 12689 | Lair:5   | Killed a five-headed hydra
 12863 | Lair:5   | XOM: confusion
 12864 | Lair:5   | XOM: 3-stop teleportation journey
 13077 | Lair:5   | Noticed a seven-headed hydra
 13082 | Lair:5   | XOM: confusion (+ monsters)
 13087 | Lair:5   | XOM: medium Chrm miscast
 13101 | Lair:5   | XOM: confuse monster(s)
 13107 | Lair:5   | XOM: potion effect (haste)
 13114 | Lair:5   | Killed an eight-headed hydra
 13183 | Lair:5   | XOM: noise
 13188 | Lair:5   | XOM: colour smoke trail
 13277 | Lair:5   | Reached skill level 14 in Staves
 13331 | Lair:5   | XOM: noise
 13338 | Lair:5   | XOM: mild Pois miscast
 13344 | Lair:5   | Noticed Nergalle
 13357 | Lair:5   | Reached XP level 13. HP: 72/107 MP: 18/18
 13362 | Lair:5   | XOM: swap monsters
 13381 | Lair:5   | Killed Nergalle
 13722 | Lair:5   | Found a staircase to the Swamp.
 13964 | Lair:6   | XOM: confuse monster(s)
 13969 | Lair:6   | XOM: summons 5 hostile shadow creatures
 13970 | Lair:6   | XOM: destruction
 13993 | Lair:6   | XOM: enchant monster (bad)
 13994 | Lair:6   | XOM: torment (25/107 hp)
 14020 | Lair:6   | XOM: mild Chrm miscast
 14237 | Lair:6   | Reached skill level 5 in Evocations
 14238 | Lair:6   | Noticed a pale draconian
 14238 | Lair:6   | a death yak changed into a pale draconian
 14238 | Lair:6   | XOM: polymorph death yak -> pale draconian
 14242 | Lair:6   | XOM: summons friendly shadow imp
 14247 | Lair:6   | Killed a pale draconian
 14392 | Lair:6   | XOM: polymorph shadow imp -> quasit
 15192 | Lair:7   | XOM: enchant monster (good)
 15204 | Lair:7   | XOM: summons friendly quasit
 15294 | Lair:7   | Found a staircase to the Slime Pits.
 15295 | Lair:7   | Found a viscous altar of Jiyva.
 15302 | Lair:7   | XOM: confuse monster(s)
 15310 | Lair:7   | Got a warped trident
 15311 | Lair:7   | Identified the +5 trident of Righteous Fury {vamp, *Rage rC+ rN+ MR++ SInv} (You found it on level 7 of the Lair of Beasts)
 15466 | Lair:7   | XOM: swap monsters
 15467 | Lair:7   | XOM: summons 4 friendly demons
 15727 | Lair:7   | XOM: mild Hex miscast
 15734 | Lair:7   | XOM: confuse monster(s)
 15796 | Lair:7   | XOM: cast spell 'Dragon Form'
 15847 | Lair:7   | XOM: summons friendly shadow imp
 15981 | Lair:8   | Entered Level 8 of the Lair of Beasts
 15987 | Lair:8   | XOM: snakes to sticks
 16073 | Lair:8   | XOM: fake destruction
 16087 | Lair:8   | XOM: cast spell 'Summon Small Mammal'
 16126 | Lair:8   | XOM: summons friendly shadow imp
 16164 | Lair:8   | XOM: destruction
 16317 | Lair:8   | XOM: divination: detect items
 16376 | Lair:8   | XOM: divine lightning
 16377 | Lair:8   | XOM: summons friendly white imp
 16382 | Lair:8   | Reached XP level 14. HP: 64/118 MP: 23/25
 16408 | Lair:8   | XOM: give mutations
 16408 | Lair:8   | Gained mutation: You possess an exceptional clarity of mind. [Xom's grace]
 16408 | Lair:8   | Gained mutation: You are very robust (+20% HP). [Xom's grace]
 16408 | Lair:8   | Gained mutation: You are very agile. (Dex +4) [Xom's grace]
 16421 | Lair:8   | XOM: enchant monster (bad)
 16432 | Lair:8   | Reached skill level 10 in Fighting
 16432 | Lair:8   | Reached XP level 15. HP: 71/140 MP: 27/27
 16475 | Lair:8   | XOM: god gift: 3 scrolls of vulnerability
 16522 | Lair:8   | Learned a level 1 spell: Apportation
 16605 | Lair:8   | XOM: harmless Divn miscast
 16706 | Lair:8   | XOM: potion effect (brilliance)
 16707 | Lair:8   | XOM: silly message
 16782 | Lair:8   | XOM: potion effect (curing)
 16895 | Lair:8   | XOM: potion effect (haste)
 16896 | Lair:8   | XOM: silly message
 16949 | Lair:8   | XOM: divination: detect creatures
 17102 | Lair:8   | XOM: harmless Hex miscast
 17180 | Lair:8   | XOM: divination: detect creatures
 17261 | Lair:8   | XOM: silly message
 17460 | Lair:7   | XOM: harmless Tloc miscast
 17633 | D:9      | XOM: stealth player
 17633 | D:9      | Noticed Duvessa
 17633 | D:9      | Noticed Dowan
 17643 | D:9      | Gained mutation: Your spells are a little harder to cast, but a little more powerful. [evolution]
 17647 | D:9      | Killed Duvessa
 17649 | D:9      | Killed Dowan
 17713 | D:9      | XOM: harmless Divn miscast
 17714 | D:9      | Reached skill level 10 in Evocations
 17933 | D:9      | Noticed Pikel
 17935 | D:9      | XOM: potion effect (agility)
 17946 | D:9      | Banished Pikel
 18048 | D:9      | Noticed Joseph
 18054 | D:9      | XOM: potion effect (might)
 18057 | D:9      | Killed Joseph
 18122 | D:9      | XOM: divination: detect creatures
 18143 | D:9      | Found an ancient bone altar of Kikubaaqudgha.
 18172 | D:9      | XOM: divination: detect creatures
 18395 | D:10     | Entered Level 10 of the Dungeon
 18672 | D:10     | XOM: divination: detect items
 18791 | D:10     | XOM: divination: magic mapping
 19330 | D:11     | Found Klyol's Pet Rocks.
 19423 | D:11     | XOM: harmless Pois miscast
 19676 | D:11     | You fall through a shaft for 2 floors!
 19694 | D:12     | XOM: potion effect (heal wounds)
 19758 | D:12     | XOM: harmless Fire miscast
 19765 | D:12     | XOM: silly message
 19782 | D:12     | XOM: divination: detect items
 20511 | D:12     | Noticed Harold
 20527 | D:12     | Killed Harold
 20704 | D:12     | Learned a level 2 spell: Blink
 20740 | D:13     | Noticed Urug
 21110 | D:13     | XOM: cast spell 'Metabolic Englaciation'
 21133 | D:13     | Found a portal to a secret trove of treasure.
 21141 | D:13     | Noticed Maud
 21151 | D:13     | XOM: divination: magic mapping
 21154 | D:13     | Killed Urug
 21156 | D:13     | XOM: harmless Conj miscast
 21168 | D:13     | XOM: cast spell 'Blink'
 21177 | D:13     | Killed Maud
 21180 | D:13     | XOM: noise
 21187 | D:13     | XOM: divination: detect items
 21222 | D:13     | XOM: mild Necr miscast
 21490 | D:11     | XOM: enchant monster (good)
 21504 | D:11     | Found a staircase to the Orcish Mines.
 21716 | D:11     | XOM: enchant monster (bad)
 21891 | D:11     | Got a warped hat
 21902 | D:11     | Identified the +2 hat of Daffodils {Slay+4} (You acquired it on level 11 of the Dungeon)
 22184 | D:13     | XOM: harmless Pois miscast
 22308 | D:13     | XOM: harmless Pois miscast
 22322 | D:14     | XOM: potion effect (invisibility)
 22439 | D:14     | XOM: silly message
 22448 | D:14     | XOM: silly message
 22488 | D:14     | XOM: harmless Chrm miscast
 22498 | D:14     | XOM: potion effect (haste)
 22516 | D:14     | Reached XP level 16. HP: 152/152 MP: 30/30
 22584 | D:14     | Found a gate to the Vaults.
 22604 | D:14     | Reached XP level 17. HP: 111/159 MP: 31/31
 22638 | D:14     | XOM: potion effect (haste)
 22640 | D:14     | XOM: potion effect (heal wounds)
 22674 | D:14     | Found Lemere's Armour Emporium.
 22836 | D:14     | XOM: harmless Conj miscast
 23247 | D:14     | Identified a +4 rod of destruction (13/13) (You found it on level 14 of the Dungeon)
 23290 | D:15     | Entered Level 15 of the Dungeon
 23294 | D:15     | XOM: divination: magic mapping
 23327 | D:15     | XOM: harmless Conj miscast
 23422 | D:15     | Found a staircase to the Depths.
 23427 | D:15     | XOM: silly message
 23468 | D:15     | XOM: harmless Necr miscast
 23626 | D:15     | XOM: potion effect (brilliance)
 23870 | D:15     | XOM: god gift: royal jelly
 23978 | D:15     | Gained mutation: Your flesh is very heat resistant. [evolution]
 23978 | D:15     | Lost mutation: You evolve. [end of evolution]
 24376 | Swamp:1  | Entered Level 1 of the Swamp
 24425 | Swamp:1  | XOM: summons friendly ufetubus
 24603 | Swamp:1  | XOM: summons friendly shadow imp
 24606 | Swamp:1  | XOM: potion effect (curing)
 24625 | Swamp:1  | XOM: potion effect (invisibility)
 24709 | Swamp:1  | XOM: god gift: helmet {god gift}
 24794 | Swamp:1  | XOM: summons friendly shadow imp
 24962 | Swamp:1  | XOM: summons 3 hostile shadow creatures
 25167 | Swamp:2  | XOM: summons friendly shadow imp
 25255 | Swamp:2  | XOM: enchant monster (bad)
 25679 | Swamp:2  | XOM: mild Necr miscast
 26289 | Swamp:3  | XOM: 1-stop teleportation journey
 26346 | Swamp:3  | XOM: give mutations
 26346 | Swamp:3  | Lost mutation: Your spells are a little harder to cast, but a little more powerful. [Xom's mischief]
 26346 | Swamp:3  | Lost mutation: Your flesh is very heat resistant. [Xom's mischief]
 26415 | Swamp:3  | XOM: cast spell 'Monstrous Menagerie'
 26463 | Swamp:3  | XOM: cast spell 'Confusing Touch'
 26517 | Swamp:3  | Noticed Roxanne
 26530 | Swamp:3  | XOM: enchant monster (bad)
 26548 | Swamp:3  | XOM: confuse monster(s)
 26566 | Swamp:3  | Killed Roxanne
 26968 | Swamp:4  | XOM: 6-stop teleportation journey
 26995 | Swamp:4  | XOM: enchant monster (bad)
 27004 | Swamp:4  | XOM: harmless Hex miscast
 27007 | Swamp:4  | XOM: potion effect (curing)
 27058 | Swamp:4  | XOM: divination: magic mapping
 27123 | Swamp:4  | Reached XP level 18. HP: 63/171 MP: 34/34
 27358 | Swamp:4  | XOM: god gift: bread ration
 27408 | Swamp:4  | XOM: give mutations
 27408 | Swamp:4  | Gained mutation: You are extremely robust (+30% HP). [Xom's grace]
 27408 | Swamp:4  | Gained mutation: Your mind is very acute. (Int +4) [Xom's grace]
 27408 | Swamp:4  | Gained mutation: Your flesh is almost immune to the effects of cold. [Xom's grace]
 27737 | Swamp:4  | XOM: god gift: 2250 gold pieces
 27806 | Swamp:4  | XOM: divination: detect creatures
 27830 | Swamp:5  | Entered Level 5 of the Swamp
 27849 | Swamp:5  | XOM: silly message
 27913 | Swamp:5  | Reached skill level 15 in Evocations
 27939 | Swamp:5  | XOM: silly message
 27980 | Swamp:5  | XOM: harmless Erth miscast
 27987 | Swamp:5  | XOM: mild Chrm miscast
 28060 | Swamp:5  | XOM: cast spell 'Summon Hydra'
 28080 | Swamp:5  | XOM: divination: detect creatures
 28080 | Swamp:5  | HP: 3/187 [spriggan druid/angry trees (14)]
 28080 | Swamp:5  | Killed from afar by a spriggan druid

Action                   |  1- 3 |  4- 6 |  7- 9 | 10-12 | 13-15 | 16-18 || total
-------------------------+-------+-------+-------+-------+-------+-------++-------
Melee: Short sword       |    96 |   127 |     9 |       |       |       ||   232
       Quarterstaff      |       |       |   454 |   376 |       |       ||   830
       Lajatang          |       |       |       |   445 |  1295 |   901 ||  2641
 Abil: Bottle Blood      |       |     6 |    27 |    55 |    79 |    21 ||   188
       Evoke Jump Attack |       |       |       |     2 |       |       ||     2
       Evoke Invisibilit |       |       |       |       |     7 |     1 ||     8
       Turn Visible      |       |       |       |       |     2 |       ||     2
Evoke: Wand              |       |       |     2 |    29 |    21 |    17 ||    69
       Lamp of fire      |       |       |       |       |     3 |       ||     3
       Stone of tremors  |       |       |       |       |       |     1 ||     1
  Use: Potion            |     1 |     5 |    26 |    43 |    61 |    39 ||   175
       Scroll            |       |     1 |    15 |    16 |    15 |     9 ||    56
 Stab: Paralysed         |     1 |       |    16 |    19 |    16 |    30 ||    82
       Invisible         |       |       |     5 |       |    46 |    14 ||    65
       Petrifying        |       |       |       |     7 |    10 |     4 ||    21
       Confused          |       |       |       |     2 |     5 |     1 ||     8
       Sleeping          |       |       |       |     2 |     6 |    14 ||    22
       Petrified         |       |       |       |     2 |     1 |       ||     3
       Distracted        |       |       |       |       |     3 |     4 ||     7
       Fleeing           |       |       |       |       |     1 |       ||     1
  Eat: Corpse            |     7 |     6 |     8 |       |       |       ||    21
